 Dungeon Crawl Stone Soup version 0.20.1-1-g8b1a95d (webtiles) character file.

10257 Jerry the Carver (level 11, 0/60 HPs)
             Began as a Vine Stalker Fighter on Oct 20, 2017.
             Was a High Priest of Okawaru.
             Killed by divine providence
             ... invoked by an orc priest
              (4 damage)
             ... on level 11 of the Dungeon on Oct 21, 2017.
             The game lasted 00:39:26 (9207 turns).

Jerry the Carver (Vine Stalker Fighter)             Turns: 9207, Time: 00:39:26

Health: 0/60       AC: 15    Str: 19 (22) XL:     11   Next: 59%
Magic:  0/15       EV: 11    Int:  6 (8)  God:    Okawaru [*****.]
Gold:   710        SH:  0    Dex: 14      Spells: 10/10 levels left

rFire    . . .     SeeInvis +   a - +1 long sword (slice)
rCold    . . .     Gourm    .   (no shield)
rNeg     . . .     Faith    .   z - +4 scale mail {MR+}
rPois    .         Spirit   +   P - +0 helmet
rElec    .         Reflect  .   e - scarf {repulsion}
rCorr    .         Harm     .   p - +0 pair of gloves
MR       +++..                  (no boots)
Stlth    ..........             (no amulet)
Regen    0.6/turn               J - ring of see invisible
MPRegen  0.2/turn               q - +1 ring of protection

@: about to teleport, very slightly contaminated, repel missiles
A: fangs 3, hooves 1, deterioration 1, magic resistance 1, regeneration 1,
screaming 1, magic shield, antimagic bite, no potion heal 3, rot immunity
a: Heroism, Finesse, Renounce Religion


You were on level 11 of the Dungeon.
You worshipped Okawaru.
Okawaru was extremely pleased with you.
You were not hungry.

You visited 2 branches of the dungeon, and saw 12 of its levels.

You collected 710 gold pieces.

Inventory:

Hand Weapons
 a - a +1 long sword of slicing (weapon)
 j - a +2 short sword of draining
 C - the +7 hunting sling of Dishonour {venom, rElec rPois rC- rN+}
   (You found it on level 5 of the Dungeon)

   It poisons the ammo it fires.
   It makes you vulnerable to cold.
   It insulates you from electricity.
   It protects you from poison.
   It protects you from negative energy.
 S - a +2 dagger of freezing
Missiles
 N - 185 stones (quivered)
Armour
 c - a +0 shield
 e - a scarf of repulsion (worn)
 p - a +0 pair of gloves (worn)
 z - a +4 scale mail of magic resistance (worn)
 P - a +0 helmet (worn)
Jewellery
 q - a +1 ring of protection (right hand)
 v - an uncursed ring of protection from fire
 J - a ring of see invisible (left hand)
 Q - an uncursed amulet of faith
Wands
 k - a wand of iceblast (9/15)
 s - a wand of confusion (25/48)
 F - a wand of flame (2/48)
 H - a wand of polymorph (8/24)
 K - a wand of digging (15/24)
 M - a wand of flame (4/48)
Scrolls
 g - 7 scrolls of remove curse
 h - 5 scrolls of identify
 n - 2 scrolls of enchant armour
 o - 3 scrolls of immolation
 r - a scroll of enchant weapon
 y - a scroll of recharging
 D - a scroll of teleportation
 E - a scroll of amnesia
 I - a scroll of fear
 R - a scroll of fog {unknown}
Potions
 l - a potion of haste
 m - 2 potions of flight
 t - a potion of curing
 u - 2 potions of agility {unknown}
 w - a potion of magic {unknown}
 x - 2 potions of cancellation {unknown}
 A - a potion of resistance {unknown}
 G - 2 potions of lignification {unknown}
Books
 d - a book of Misfortune

   Spells                             Type                      Level
   a - Confusing Touch                Hexes                        1
   b - Confuse                        Hexes                        3
   c - Gell's Gravitas                Translocation                3
   d - Petrify                        Transmutation/Earth          4
   e - Metabolic Englaciation         Hexes/Ice                    5
   f - Yara's Violent Unravelling     Hexes/Transmutation          5
 O - a book of Maledictions

   Spells                             Type                      Level
   a - Corona                         Hexes                        1
   b - Ensorcelled Hibernation        Hexes/Ice                    2
   c - Confuse                        Hexes                        3
   d - Tukima's Dance                 Hexes                        3
   e - Dazzling Spray                 Conjuration/Hexes            3
Comestibles
 b - 7 royal jellies
 f - 6 bread rations
 B - 7 meat rations
 L - 6 fruits
 T - 3 chunks of flesh


   Skills:
 + Level 8.3 Fighting
 * Level 11.0 Long Blades
 + Level 7.5 Armour
 + Level 3.3 Dodging
 - Level 2.6 Shields
 - Level 4.3 Invocations


You had 10 spell levels left.
You didn't know any spells.

Dungeon Overview and Level Annotations

Branches:
Dungeon (11/15)            Temple (1/1) D:5            Lair (0/6) D:11
    Orc: D:9-12

Altars:
Ashenzari
Cheibriados
Dithmenos
Elyvilon
Fedhas
Gozag
Hepliaklqana
Kikubaaqudgha
Makhleb
Nemelex Xobeh
Okawaru
Qazlal
Ru
Sif Muna
Trog
Uskayaw
Vehumet
Xom
Yredelemnul
Zin
The Shining One
Lugonu

Shops:
D:8 }

Annotations:
D:11 exclusion: 2 oklob plants


Innate Abilities, Weirdness & Mutations

You have razor-sharp teeth.
Your natural rate of healing is unusually fast.
When hurt, damage is shared between your health and your magic reserves.
Your bite disrupts and absorbs the magic of your enemies.
Potions cannot restore your health.
You are immune to rotting.
You have large cloven feet.
Your body sometimes deteriorates upon taking damage.
You are resistant to hostile enchantments. (MR+)
You occasionally shout uncontrollably at your foes.


Message History

You hit the orc warrior. You bite the orc warrior. You drain its power.
The orc warrior is severely wounded.
The iguana bites you!
* * * LOW HITPOINT WARNING * * *
The orc warrior hits you with a long sword!
* * * LOW HITPOINT WARNING * * *
As you read the scroll of teleportation, it crumbles to dust.
You feel strangely unstable. The iguana bites you.
* * * LOW HITPOINT WARNING * * *
The orc priest calls down the wrath of Beogh upon you.
Beogh smites you!
* * * LOW HITPOINT WARNING * * *
Okay, then.
Blink to where?
Press: ? - help, Dir - move target cursor You are very lightly contaminated with residual magic.
As you read the scroll of blinking, it crumbles to dust.
The orc priest invokes the aid of Beogh against you.
Beogh smites you!
You die...

............#.).#..#
.#########..#...'..#
.# #..#...#..# .#
#..#...#..# .#######
#..#...#..#
.......###..#...#..#
≈≈≈≈≈8......#...'..#
≈≈≈≈8≈.#....#####..#
##'.≈≈.#........@..#
o.#o≈≈.#..o........#
oo##≈≈.#..l........#
.oo.ol.#..o........#
l.##≈≈.#..o........#
. #.≈≈.............#
#'.≈≈...........###
≈≈≈≈8≈...........#
≈≈≈≈≈8...........#


You could see an orc warrior, an iguana, an orc priest and an orc.

Vanquished Creatures
  The ghost of bartek7090 the Cleaver, a journeyman GrBe of Trog (D:9)
  A two-headed ogre (D:11)
  An unseen horror (D:7)
  2 ugly things (D:7)
  The ghost of ANON1729 the Covert, a novice OpAs of Okawaru (D:4)
  A hornet (D:6)
  3 hippogriffs
  A shadow (D:11)
  A human (D:7)
  12 yaks
  3 hogs (D:7)
  Menkaure (D:3)
  Edmund (D:4)
  5 small abominations (D:7)
  A water moccasin (D:7)
  An ice beast (D:7)
  2 orc warriors
  2 sky beasts
  A black bear (D:7)
  2 phantoms
  3 ogres
  3 centaurs
  A big kobold (D:8)
  3 bullfrogs
  A wyvern zombie (D:6)
  3 scorpions
  10 killer bees (D:8)
  A water moccasin skeleton (D:5)
  5 electric eels
  A howler monkey (D:10)
  3 crimson imps
  A bullfrog zombie (D:11)
  2 hounds
  2 jellies
  5 orc priests
  A bullfrog skeleton (D:9)
  4 orc wizards
  Crazy Yiuf (D:3)
  3 iguanas
  8 worker ants
  A howler monkey zombie (D:6)
  10 adders
  2 howler monkey skeletons
  An adder zombie (D:7)
  3 adder skeletons
  3 worms
  A dart slug (D:3)
  7 leopard geckos
  26 orcs
  6 bats
  4 giant cockroaches
  6 goblins
  5 hobgoblins
  12 jackals
  12 quokkas
  4 frilled lizards
  18 kobolds
  A leopard gecko skeleton (D:4)
  14 rats
240 creatures vanquished.

Vanquished Creatures (others)
  A plant (D:3)
1 creature vanquished.

Grand Total: 241 creatures vanquished

Notes
Turn   | Place    | Note
-------+----------+-------------------------------------------
     0 | D:1      | Jerry the Vine Stalker Fighter began the quest for the Orb.
     0 | D:1      | Reached XP level 1. HP: 11/11 MP: 2/2
    88 | D:1      | Reached skill level 2 in Long Blades
   314 | D:1      | Reached XP level 2. HP: 16/16 MP: 3/3
   755 | D:1      | Reached XP level 3. HP: 20/20 MP: 4/4
  1334 | D:2      | Found a deep blue altar of Sif Muna.
  1797 | D:2      | Reached skill level 3 in Long Blades
  1797 | D:2      | Gained mutation: Your natural rate of healing is unusually fast. [Vine Stalker growth]
  1797 | D:2      | Reached XP level 4. HP: 24/24 MP: 5/5
  1842 | D:2      | Found a basalt altar of Yredelemnul.
  1843 | D:2      | Found a sparkling altar of Nemelex Xobeh.
  2073 | D:3      | Reached XP level 5. HP: 22/28 MP: 6/6
  2227 | D:3      | Found a transporter.
  2241 | D:3      | Found a transporter.
  2342 | D:3      | Reached skill level 4 in Long Blades
  2342 | D:3      | Reached XP level 6. HP: 23/33 MP: 4/7
  2638 | D:3      | Found a runed door.
  2764 | D:3      | Noticed Crazy Yiuf
  2771 | D:3      | Killed Crazy Yiuf
  2829 | D:4      | Noticed Edmund
  2879 | D:4      | Noticed a phantom
  2899 | D:3      | Killed a phantom
  2987 | D:4      | Noticed Menkaure
  2999 | D:4      | Noticed ANON1729's ghost (novice OpAs)
  3038 | D:3      | Killed Menkaure
  3038 | D:3      | Reached skill level 5 in Long Blades
  3038 | D:3      | Reached XP level 7. HP: 26/37 MP: 6/8
  3049 | D:4      | Killed ANON1729's ghost
  3159 | D:4      | Gained mutation: You have razor-sharp teeth. [Vine Stalker growth]
  3159 | D:4      | Reached XP level 8. HP: 41/42 MP: 9/9
  3253 | D:4      | Killed Edmund
  3253 | D:4      | Reached skill level 5 in Fighting
  3253 | D:4      | Reached skill level 6 in Long Blades
  3482 | D:5      | Entered Level 5 of the Dungeon
  3497 | D:5      | Gained mutation: You tend to lose your temper in combat. [mutagenic meat]
  3498 | D:5      | Gained mutation: Your flesh is cold resistant. (rC+) [mutagenic meat]
  3516 | D:5      | Found a staircase to the Ecumenical Temple.
  3523 | D:5      | Found a glowing silver altar of Zin.
  3525 | D:5      | Noticed an angel
  3548 | Temple   | Entered the Ecumenical Temple
  3793 | Temple   | Became a worshipper of Warmaster Okawaru
  3915 | D:5      | Found an ancient bone altar of Kikubaaqudgha.
  3989 | D:5      | Reached skill level 1 in Invocations
  4050 | D:5      | Reached * piety under Okawaru
  4085 | D:5      | Found a shimmering altar of Xom.
  4347 | D:5      | Got a jewelled hunting sling
  4348 | D:5      | Identified the +7 hunting sling of Dishonour {venom, rElec rPois rC- rN+} (You found it on level 5 of the Dungeon)
  4889 | D:6      | Reached skill level 7 in Long Blades
  4889 | D:6      | Reached skill level 5 in Armour
  4946 | D:6      | Reached XP level 9. HP: 35/48 MP: 11/11
  4958 | D:6      | Noticed a hornet
  4964 | D:6      | Killed a hornet
  5146 | D:6      | Found a sparkling altar of Nemelex Xobeh.
  5412 | D:6      | Lost mutation: You tend to lose your temper in combat. [potion of mutation]
  5412 | D:6      | Lost mutation: Your flesh is cold resistant. (rC+) [potion of mutation]
  5412 | D:6      | Gained mutation: You are weak. (Str -2) [potion of mutation]
  5412 | D:6      | Gained mutation: Your spells are a little harder to cast, but a little more powerful. [potion of mutation]
  5412 | D:6      | Gained mutation: You are agile. (Dex +2) [potion of mutation]
  5412 | D:6      | Gained mutation: You have large cloven feet. [potion of mutation]
  5461 | D:7      | Reached ** piety under Okawaru
  5652 | D:7      | Found a transporter.
  5656 | D:7      | Found a corrupted altar of Lugonu.
  5660 | D:7      | Noticed a white ugly thing
  5668 | D:7      | Killed a white ugly thing
  5668 | D:7      | Reached skill level 8 in Long Blades
  5671 | D:7      | Noticed a green ugly thing
  5682 | D:7      | Killed a green ugly thing
  5701 | D:7      | Reached XP level 10. HP: 7/53 MP: 6/14
  5705 | D:7      | Reached *** piety under Okawaru
  5785 | D:7      | Noticed an unseen horror
  5800 | D:7      | Killed an unseen horror
  5800 | D:7      | Reached skill level 9 in Long Blades
  5812 | D:7      | Noticed a cyan ugly thing
  5813 | D:7      | Noticed a brown ugly thing
  5814 | D:7      | Found a transporter.
  5815 | D:7      | Got a pitted plate armour
  5918 | D:7      | Identified the +5 plate armour of the Thinker {*Drain *Slow +Inv Dex+8} (You found it on level 7 of the Dungeon)
  6180 | D:7      | Reached **** piety under Okawaru
  6399 | D:8      | Found Soke's Gadget Shop.
  6452 | D:8      | Found a sacrificial altar of Ru.
  6750 | D:8      | Reached skill level 1 in Dodging
  7039 | D:8      | Reached skill level 10 in Long Blades
  7139 | D:9      | Reached XP level 11. HP: 45/58 MP: 12/15
  7146 | D:8      | Reached ***** piety under Okawaru
  7395 | D:9      | Noticed bartek7090's ghost (journeyman GrBe)
  7431 | D:9      | Killed bartek7090's ghost
  7811 | D:9      | Found a blossoming altar of Fedhas.
  7913 | D:10     | Entered Level 10 of the Dungeon
  8124 | D:10     | Lost mutation: You have large cloven feet. [potion of mutation]
  8124 | D:10     | Lost mutation: You are agile. (Dex +2) [potion of mutation]
  8124 | D:10     | Lost mutation: Your spells are a little harder to cast, but a little more powerful. [potion of mutation]
  8124 | D:10     | Lost mutation: You are weak. (Str -2) [potion of mutation]
  8124 | D:10     | Gained mutation: Your body sometimes deteriorates upon taking damage. [potion of mutation]
  8124 | D:10     | Gained mutation: You occasionally shout uncontrollably at your foes. [potion of mutation]
  8124 | D:10     | Gained mutation: You are resistant to hostile enchantments. (MR+) [potion of mutation]
  8124 | D:10     | Gained mutation: You have large cloven feet. [potion of mutation]
  8700 | D:11     | Noticed a two-headed ogre
  8714 | D:11     | Killed a two-headed ogre
  8899 | D:11     | Noticed an oklob plant
  8918 | D:11     | Found a staircase to the Lair.
  8923 | D:11     | Noticed an oklob plant
  9134 | D:11     | Reached skill level 11 in Long Blades
  9205 | D:11     | HP: 3/60 [orc priest/divine providence (8)]
  9207 | D:11     | Killed from afar by an orc priest

Skill      XL: |  1  2  3  4  5  6  7  8  9 10 11 |
---------------+----------------------------------+-----
Long Blades    | 2 3 4 5 7 8 10 11 | 11.0
Fighting       | 3 4 5 6 7 8 |  8.3
Armour         | 3 4 5 6 7 |  7.5
Invocations    | 2 4 |  4.3
Dodging        | 1 3 |  3.3
Shields        | |  2.6

Action                   |  1- 3 |  4- 6 |  7- 9 | 10-12 || total
-------------------------+-------+-------+-------+-------++-------
Melee: Long sword        |    94 |   126 |   209 |   319 ||   748
       Bite              |    24 |    45 |    84 |   131 ||   284
       Kick              |       |       |    15 |   131 ||   146
Evoke: Wand              |       |     7 |     5 |     3 ||    15
  Use: Scroll            |       |     2 |    15 |     6 ||    23
       Potion            |       |     1 |     4 |     4 ||     9
  Eat: Chunk             |     3 |     4 |    11 |     7 ||    25
       Bread ration      |       |       |       |     1 ||     1
Armor: Scale mail        |    49 |    85 |    91 |   138 ||   363
Dodge: Dodged            |    49 |    71 |    86 |   156 ||   362
       Deflected         |     4 |     1 |       |     9 ||    14
       Rpst.: Long sword |    10 |    24 |    32 |    35 ||   101
